NWL
LOS ANGELES N (SS-A) DODGERS @ LOS ANGELES A (SS-A) ANGELS
08/12/2098
 
TOP OF THE 1ST
Los Angeles N (SS-A) Dodgers batting - Pitching for Los Angeles A (SS-A) Angels : RHP Ricardo Guerrero
Pitching: RHP Ricardo Guerrero
Batting: RHB Matt Lewis 0-0: Foul Ball, location: 3F
0-1: DOUBLE (Line Drive, 9LM, EV 110.0 MPH)
Batting: RHB Matt Pettit 0-0: Called Strike
0-1: Fly out, F4 (Popup, 4, EV 63.8 MPH)
Batting: LHB Aaron Himebauch 0-0: Called Strike
0-1: Fly out, F6 (Popup, 6M, EV 53.8 MPH)
Batting: RHB Austin Vargas 0-0: Ball
1-0: Ball
2-0: Foul Ball, location: 5F
2-1: Ground out 6-3 (Groundball, 56, EV 98.8 MPH)
Top of the 1st over - 0 runs, 1 hit, 0 errors, 1 left on base; Los Angeles N (SS-A) 0 - Los Angeles A (SS-A) 0
BOTTOM OF THE 1ST
Los Angeles A (SS-A) Angels batting - Pitching for Los Angeles N (SS-A) Dodgers : LHP Kenishi Sakurai
Pitching: LHP Kenishi Sakurai
Batting: RHB Rodolfo Garcia 0-0: Ball
1-0: Fly out, F8 (Flyball, 8RD, EV 107.5 MPH)
Batting: RHB Glenn Sciancalepore 0-0: Foul Ball, location: 2F
0-1: SINGLE (Groundball, 6MD, EV 102.5 MPH)
Batting: LHB John Stevens 0-0: Called Strike
0-1: Ball
1-1: Foul Ball, location: 2F
1-2: Foul Ball, location: 2RF
1-2: Strikes out swinging
Batting: LHB Cory Murray 0-0: Ball
1-0: Ball
2-0: Called Strike
2-1: Swinging Strike
2-2: Strikes out swinging
Bottom of the 1st over - 0 runs, 1 hit, 0 errors, 1 left on base; Los Angeles N (SS-A) 0 - Los Angeles A (SS-A) 0
TOP OF THE 2ND
Los Angeles N (SS-A) Dodgers batting - Pitching for Los Angeles A (SS-A) Angels : RHP Ricardo Guerrero
Batting: RHB Ted Hedrick 0-0: Ball
1-0: Ground out 6-3 (Groundball, 56, EV 101.3 MPH)
Batting: RHB Nolan Jones 0-0: Fly out, F4 (Popup, 4, EV 78.8 MPH)
Batting: RHB Devin Gleason 0-0: Ball
1-0: Swinging Strike
1-1: SINGLE (Groundball, 6MS, EV 92.5 MPH) (infield hit)
Batting: SHB Kyle Carroll 0-0: Called Strike
0-1: SINGLE (Line Drive, 56D, EV 98.8 MPH)
Devin Gleason to second
Batting: RHB Earl Adams 0-0: Ball
1-0: Called Strike
1-1: Ball
2-1: Called Strike
2-2: Fly out, F8 (Flyball, 78D, EV 85.6 MPH)
Top of the 2nd over - 0 runs, 2 hits, 0 errors, 2 left on base; Los Angeles N (SS-A) 0 - Los Angeles A (SS-A) 0
BOTTOM OF THE 2ND
Los Angeles A (SS-A) Angels batting - Pitching for Los Angeles N (SS-A) Dodgers : LHP Kenishi Sakurai
Batting: RHB Edgar Palomera 0-0: Called Strike
0-1: Ball
1-1: Foul Ball, location: 9LSF
1-2: Ball
2-2: Fly out, F3 (Popup, 3SF, EV 79.4 MPH)
Batting: RHB Jason Glennon 0-0: Foul Ball, location: 9LMF
0-1: Foul Ball, location: 3SF
0-2: Ball
1-2: Foul Ball, location: 2LF
1-2: Strikes out swinging
Batting: LHB Dean Neufeld 0-0: SINGLE (Line Drive, 4MD, EV 93.8 MPH)
Batting: RHB Arturo Ramirez 0-0: Foul Ball, location: 9LMF
0-1: Called Strike
0-2: Foul Ball, location: 2F
0-2: Strikes out swinging
Bottom of the 2nd over - 0 runs, 1 hit, 0 errors, 1 left on base; Los Angeles N (SS-A) 0 - Los Angeles A (SS-A) 0
TOP OF THE 3RD
Los Angeles N (SS-A) Dodgers batting - Pitching for Los Angeles A (SS-A) Angels : RHP Ricardo Guerrero
Batting: RHB Matt Lewis 0-0: Swinging Strike
0-1: Swinging Strike
0-2: Ball
1-2: Ball
2-2: Foul Ball, location: 9LMF
2-2: Strikes out looking
Batting: RHB Matt Pettit 0-0: Ball
1-0: Ball
2-0: TRIPLE (Flyball, 7LM, EV 106.9 MPH)
Batting: LHB Aaron Himebauch 0-0: Ball
1-0: Ball
2-0: Ball
3-0: Called Strike
3-1: SINGLE (Groundball, P, EV 85.0 MPH) (infield hit)
Matt Pettit scores
Batting: RHB Austin Vargas 0-0: Called Strike
0-1: Swinging Strike
0-2: Ball
1-2: Ball
2-2: Foul Ball, location: 3SF
2-2: Ball
3-2: Base on Balls
Aaron Himebauch to second
Batting: RHB Ted Hedrick 0-0: Fly out, F7 (Flyball, 7LM, EV 92.5 MPH)
Batting: RHB Nolan Jones 0-0: Called Strike
0-1: Foul Ball, location: 5F
0-2: Strikes out swinging
Top of the 3rd over - 1 run, 2 hits, 0 errors, 2 left on base; Los Angeles N (SS-A) 1 - Los Angeles A (SS-A) 0
BOTTOM OF THE 3RD
Los Angeles A (SS-A) Angels batting - Pitching for Los Angeles N (SS-A) Dodgers : LHP Kenishi Sakurai
Batting: LHB Mike Felts 0-0: Swinging Strike
0-1: Ball
1-1: Fly out, F5 (Popup, 56, EV 73.8 MPH)
Batting: RHB Rodolfo Garcia 0-0: Ball
1-0: SINGLE (Groundball, 6MS, EV 60.6 MPH) (infield hit)
Batting: RHB Glenn Sciancalepore 0-0: Ball
1-0: Ball
2-0: Ball
3-0: Called Strike
3-1: Swinging Strike
3-2: Foul Ball, location: 3F
3-2: Foul Ball, location: 9LDF
3-2: Grounds into double play, 6-4-3 (Groundball, 56, EV 87.5 MPH)
Bottom of the 3rd over - 0 runs, 1 hit, 0 errors, 0 left on base; Los Angeles N (SS-A) 1 - Los Angeles A (SS-A) 0
TOP OF THE 4TH
Los Angeles N (SS-A) Dodgers batting - Pitching for Los Angeles A (SS-A) Angels : RHP Ricardo Guerrero
Batting: RHB Devin Gleason 0-0: SOLO HOME RUN (Flyball, 9LD, EV 93.1 MPH), Distance : 347 ft
Batting: SHB Kyle Carroll 0-0: Ball
1-0: Called Strike
1-1: Foul Ball, location: 3F
1-2: Ball
2-2: Foul Ball, location: 2F
2-2: Foul Ball, location: 7LMF
2-2: Ball
3-2: Foul Ball, location: 5F
3-2: Base on Balls
Batting: RHB Earl Adams 0-0: Ball
1-0: Foul Ball, location: 7LDF
1-1: Foul Ball, location: 2F
1-2: Ball
2-2: Ground out 6-3 (Groundball, 6, EV 73.8 MPH)
Kyle Carroll to second
Batting: RHB Matt Lewis 0-0: Ball
1-0: Foul Ball, location: 23FF
1-1: Ball
2-1: Called Strike
2-2: Ball
3-2: DOUBLE (Groundball, 5L, EV 95.0 MPH)
Kyle Carroll scores
Batting: RHB Matt Pettit 0-0: Foul Ball, location: 3SF
0-1: SINGLE (Line Drive, 3D, EV 97.5 MPH)
Matt Lewis to third
Runner from 3rd tries for Home, SAFE, throw by RF to home
Matt Pettit to second
Batting: LHB Aaron Himebauch 0-0: Ball
1-0: Called Strike
1-1: SINGLE (Groundball, 3D, EV 104.4 MPH)
Matt Pettit to third
Batting: RHB Austin Vargas 0-0: Called Strike
0-1: Swinging Strike
0-2: Foul Ball, location: 2F
0-2: Strikes out swinging
Batting: RHB Ted Hedrick 0-0: Ball
1-0: Swinging Strike
1-1: Foul Ball, location: 5F
1-2: Strikes out swinging
Top of the 4th over - 3 runs, 4 hits, 0 errors, 2 left on base; Los Angeles N (SS-A) 4 - Los Angeles A (SS-A) 0
BOTTOM OF THE 4TH
Los Angeles A (SS-A) Angels batting - Pitching for Los Angeles N (SS-A) Dodgers : LHP Kenishi Sakurai
Batting: LHB John Stevens 0-0: Called Strike
0-1: Swinging Strike
0-2: Ball
1-2: Ball
2-2: Strikes out swinging
Batting: LHB Cory Murray 0-0: Called Strike
0-1: Swinging Strike
0-2: Ball
1-2: Foul Ball, location: 2F
1-2: Strikes out swinging
Batting: RHB Edgar Palomera 0-0: Ground out 1-3 (Groundball, 34S, EV 72.5 MPH)
Bottom of the 4th over - 0 runs, 0 hits, 0 errors, 0 left on base; Los Angeles N (SS-A) 4 - Los Angeles A (SS-A) 0
TOP OF THE 5TH
Los Angeles N (SS-A) Dodgers batting - Pitching for Los Angeles A (SS-A) Angels : RHP Ricardo Guerrero
Batting: RHB Nolan Jones 0-0: Called Strike
0-1: Foul Ball, location: 9LSF
0-2: Strikes out swinging
Pitching: RHP Daniel Gonzalez
Batting: RHB Devin Gleason 0-0: Ball
1-0: Ball
2-0: Ball
3-0: Called Strike
3-1: DOUBLE (Flyball, 78XD, EV 108.8 MPH)
Batting: SHB Kyle Carroll 0-0: SINGLE (Groundball, 5D, EV 97.5 MPH)
Devin Gleason to third
Batting: RHB Earl Adams 0-0: Ball
1-0: Fielders Choice at 2nd, 5-4 (Groundball, 56, EV 86.9 MPH)
Devin Gleason scores
Batting: RHB Matt Lewis 0-0: Swinging Strike
0-1: Foul Ball, location: 2F
0-2: Foul Ball, location: 2F
0-2: Strikes out swinging
Top of the 5th over - 1 run, 2 hits, 0 errors, 1 left on base; Los Angeles N (SS-A) 5 - Los Angeles A (SS-A) 0
BOTTOM OF THE 5TH
Los Angeles A (SS-A) Angels batting - Pitching for Los Angeles N (SS-A) Dodgers : LHP Kenishi Sakurai
Batting: RHB Jason Glennon 0-0: Ball
1-0: Foul Ball, location: 25FF
1-1: Foul Ball, location: 2F
1-2: Ball
2-2: Ball
3-2: Foul Ball, location: 5FF
3-2: Foul Ball, location: 7LSF
3-2: Ground out 5-3 (Groundball, 56, EV 88.8 MPH)
Batting: LHB Dean Neufeld 0-0: Ball
1-0: Ground out 4-3 (Groundball, 34, EV 105.6 MPH)
Batting: RHB Arturo Ramirez 0-0: Called Strike
0-1: Called Strike
0-2: Fly out, F9 (Flyball, 9LM, EV 80.0 MPH)
Bottom of the 5th over - 0 runs, 0 hits, 0 errors, 0 left on base; Los Angeles N (SS-A) 5 - Los Angeles A (SS-A) 0
TOP OF THE 6TH
Los Angeles N (SS-A) Dodgers batting - Pitching for Los Angeles A (SS-A) Angels : RHP Daniel Gonzalez
Batting: RHB Matt Pettit 0-0: Ball
1-0: Ball
2-0: Ball
3-0: Called Strike
3-1: Fly out, F3 (Line Drive, 3L, EV 70.6 MPH)
Batting: LHB Aaron Himebauch 0-0: SINGLE (Line Drive, 9S, EV 91.9 MPH)
Batting: RHB Austin Vargas 0-0: Ball
1-0: Ball
2-0: Ball
3-0: Called Strike
3-1: Swinging Strike
3-2: Foul Ball, location: 9LMF
3-2: Foul Ball, location: 7LSF
3-2: Fly out, F4 (Line Drive, 4M, EV 71.3 MPH)
Lined into DP, 4-3 (Line Drive, 4M, EV 71.3 MPH)
Top of the 6th over - 0 runs, 1 hit, 0 errors, 0 left on base; Los Angeles N (SS-A) 5 - Los Angeles A (SS-A) 0
BOTTOM OF THE 6TH
Los Angeles A (SS-A) Angels batting - Pitching for Los Angeles N (SS-A) Dodgers : LHP Kenishi Sakurai
Batting: LHB Mike Felts 0-0: SINGLE (Groundball, 5D, EV 101.9 MPH)
Batting: RHB Rodolfo Garcia 0-0: Called Strike
0-1: Foul Ball, location: 7LMF
0-2: SINGLE (Groundball, 6S, EV 71.3 MPH) (infield hit)
Mike Felts to second
Batting: RHB Glenn Sciancalepore 0-0: Grounds into double play, 6-4-3 (Groundball, 6S, EV 84.4 MPH)
Mike Felts to third
Batting: LHB John Stevens 0-0: Ball
1-0: Ball
2-0: Ground out 4-3 (Groundball, 4, EV 80.6 MPH)
Bottom of the 6th over - 0 runs, 2 hits, 0 errors, 1 left on base; Los Angeles N (SS-A) 5 - Los Angeles A (SS-A) 0
TOP OF THE 7TH
Los Angeles N (SS-A) Dodgers batting - Pitching for Los Angeles A (SS-A) Angels : RHP Daniel Gonzalez
Batting: RHB Ted Hedrick 0-0: Fly out, F8 (Line Drive, 78M, EV 87.5 MPH)
Batting: RHB Nolan Jones 0-0: Foul Ball, location: 2F
0-1: Ball
1-1: Ball
2-1: Foul Ball, location: 2F
2-2: DOUBLE (Line Drive, 9LS, EV 106.9 MPH)
Batting: RHB Devin Gleason 0-0: Ground out 5-3 (Groundball, 56, EV 103.1 MPH)
Batting: SHB Kyle Carroll 0-0: Foul Ball, location: 2F
0-1: Ball
1-1: SINGLE (Groundball, 6MS, EV 70.6 MPH) (infield hit)
Nolan Jones to third
Batting: RHB Earl Adams 0-0: Called Strike
0-1: Ball
1-1: Foul Ball, location: 9LSF
1-2: Ball
2-2: Foul Ball, location: 9LMF
2-2: Fly out, F8 (Flyball, 8LM, EV 81.9 MPH)
Top of the 7th over - 0 runs, 2 hits, 0 errors, 2 left on base; Los Angeles N (SS-A) 5 - Los Angeles A (SS-A) 0
BOTTOM OF THE 7TH
Los Angeles A (SS-A) Angels batting - Pitching for Los Angeles N (SS-A) Dodgers : LHP Kenishi Sakurai
Batting: LHB Cory Murray 0-0: Ball
1-0: Foul Ball, location: 2F
1-1: Ball
2-1: Foul Ball, location: 2F
2-2: Strikes out looking
Batting: RHB Edgar Palomera 0-0: Called Strike
0-1: Swinging Strike
0-2: Foul Ball, location: 2F
0-2: Ball
1-2: Strikes out swinging
Batting: RHB Jason Glennon 0-0: Called Strike
0-1: Fly out, F9 (Flyball, 89M, EV 90.6 MPH)
Bottom of the 7th over - 0 runs, 0 hits, 0 errors, 0 left on base; Los Angeles N (SS-A) 5 - Los Angeles A (SS-A) 0
TOP OF THE 8TH
Los Angeles N (SS-A) Dodgers batting - Pitching for Los Angeles A (SS-A) Angels : RHP Daniel Gonzalez
Batting: RHB Matt Lewis 0-0: Ground out 5-3 (Groundball, 5, EV 86.9 MPH)
Batting: RHB Matt Pettit 0-0: SINGLE (Flyball, 89S, EV 87.5 MPH)
Batting: LHB Aaron Himebauch 0-0: Ball
1-0: SINGLE (Line Drive, 34, EV 94.4 MPH)
Matt Pettit to second
Batting: RHB Austin Vargas 0-0: Foul Ball, location: 9LSF
0-1: Ball
1-1: Called Strike
1-2: Foul Ball, location: 2F
1-2: Fly out, F6 (Popup, 4MD, EV 53.1 MPH)
Batting: RHB Ted Hedrick 0-0: Swinging Strike
0-1: Called Strike
0-2: Fielders Choice at 2nd, 5-4 (Groundball, 56, EV 80.0 MPH)
Top of the 8th over - 0 runs, 2 hits, 0 errors, 2 left on base; Los Angeles N (SS-A) 5 - Los Angeles A (SS-A) 0
BOTTOM OF THE 8TH
Los Angeles A (SS-A) Angels batting - Pitching for Los Angeles N (SS-A) Dodgers : LHP Kenishi Sakurai
Batting: LHB Dean Neufeld 0-0: Called Strike
0-1: Ground out U3 (Groundball, 3, EV 86.3 MPH)
Batting: RHB Arturo Ramirez 0-0: Called Strike
0-1: SINGLE (Flyball, 8RS, EV 87.5 MPH)
Pinch Hitting: RHB Jon Kren 0-0: Called Strike
0-1: Ball
1-1: Fielders Choice at 2nd, 2-6 (Groundball, 13S, EV 63.8 MPH)
Batting: RHB Rodolfo Garcia 0-0: Foul Ball, location: 2F
0-1: Foul Ball, location: 3DF
0-2: Ball
1-2: Foul Ball, location: 7LDF
1-2: Ball
2-2: Ground out 4-3 (Groundball, 4, EV 81.9 MPH)
Bottom of the 8th over - 0 runs, 1 hit, 0 errors, 1 left on base; Los Angeles N (SS-A) 5 - Los Angeles A (SS-A) 0
TOP OF THE 9TH
Los Angeles N (SS-A) Dodgers batting - Pitching for Los Angeles A (SS-A) Angels : RHP Daniel Gonzalez
Now at 3B: Russ Trahan
Batting: RHB Nolan Jones 0-0: Called Strike
0-1: Ball
1-1: Called Strike
1-2: SINGLE (Groundball, 6MD, EV 110.6 MPH)
Pitching: RHP Erik Neu
Batting: RHB Devin Gleason 0-0: Foul Ball, location: 2RF
0-1: Ball
1-1: Called Strike
1-2: Strikes out looking
Batting: SHB Kyle Carroll 0-0: Swinging Strike
0-1: Ball
1-1: Grounds into double play, 6-4-3 (Groundball, 6M, EV 86.9 MPH)
Top of the 9th over - 0 runs, 1 hit, 0 errors, 0 left on base; Los Angeles N (SS-A) 5 - Los Angeles A (SS-A) 0
BOTTOM OF THE 9TH
Los Angeles A (SS-A) Angels batting - Pitching for Los Angeles N (SS-A) Dodgers : LHP Kenishi Sakurai
Batting: RHB Glenn Sciancalepore 0-0: Called Strike
0-1: Ball
1-1: Swinging Strike
1-2: Strikes out swinging
Batting: LHB John Stevens 0-0: Ball
1-0: Ball
2-0: Ball
3-0: Ground out U3 (Groundball, 3, EV 108.1 MPH)
Pinch Hitting: RHB John Krall 0-0: Ground out 5-3 (Groundball, 56S, EV 73.1 MPH)
Bottom of the 9th over - 0 runs, 0 hits, 0 errors, 0 left on base; Los Angeles N (SS-A) 5 - Los Angeles A (SS-A) 0
Friday, April 12th , 2024 - OOTP Baseball 24.11 Build 85